 Dungeon Crawl Stone Soup version 0.24-a0-580-g6a6c3f83c1 (webtiles) character file.

Game seed: 5114037816947192921

19240 Norm the Fighter (level 12, -7/103 HPs)
             Began as a Merfolk Ice Elementalist on Aug 21, 2019.
             Was an Elder of Sif Muna.
             Mangled by a death yak (21 damage)
             ... on level 5 of the Lair of Beasts.
             The game lasted 01:49:43 (27794 turns).

Norm the Fighter (Merfolk Ice Elementalist)        Turns: 27794, Time: 01:49:43

Health: -7/103     AC:  7    Str:  8    XL:     12   Next: 66%
Magic:  19/34      EV: 20    Int: 24    God:    Sif Muna [****..]
Gold:   727        SH:  0    Dex: 15    Spells: 20/30 levels left

rFire    . . .     SeeInvis .   d - staff of cold
rCold    + . .     Gourm    .   (no shield)
rNeg     . . .     Faith    .   T - +2 robe {MR+}
rPois    .         Spirit   .   i - +2 hat
rElec    .         Reflect  .   L - +0 cloak
rCorr    .         Harm     .   (no gloves)
MR       +....                  (no boots)
Stlth    ++........             (no amulet)
HPRegen  0.27/turn              y - ring of magical power
MPRegen  0.24/turn              E - +5 ring of intelligence

@: no status effects
A: change form in water, swift swim, stealthy swim
a: Channel Magic, Forget Spell, Divine Exegesis, Renounce Religion


You were on level 5 of the Lair of Beasts.
You worshipped Sif Muna.
Sif Muna was greatly pleased with you.
You were very hungry.

You visited 3 branches of the dungeon, and saw 17 of its levels.
You also visited: Sewer.

You collected 727 gold pieces.

Inventory:

Hand Weapons
 R - a +3 spear
 S - a +0 scimitar of flaming
Missiles
 f - 74 poisoned darts (quivered)
 W - 2 throwing nets
 Z - 7 curare-tipped darts
Armour
 i - a +2 hat (worn)
 s - a scarf of spirit shield
 L - a +0 cloak (worn)
 T - a +2 robe of magic resistance (worn)
 X - a +0 troll leather armour
Magical Staves
 d - an uncursed staff of cold (weapon)
Jewellery
 k - an uncursed ring of see invisible
 r - an uncursed ring of flight
 w - an uncursed amulet of guardian spirit
 x - an uncursed amulet of regeneration
 y - a ring of magical power (left hand)
 C - an uncursed ring of fire
 E - a +5 ring of intelligence (right hand)
 H - a +3 ring of protection
 J - an uncursed amulet of magic regeneration {unknown}
 K - the amulet "Wenid" {-Tele +Rage rElec Int+8, unknown}
   (You found it on level 4 of the Lair of Beasts)

   [amulet of rage]

   It affects your intelligence (+8).
   It insulates you from electricity.
   It lets you go berserk.
   It prevents most forms of teleportation.
Wands
 a - a wand of iceblast (11)
 P - a wand of flame (29)
 U - a wand of digging (8)
 Y - a wand of acid (8)
Scrolls
 b - 6 scrolls of enchant armour
 e - 4 scrolls of amnesia
 j - 9 scrolls of teleportation
 n - a scroll of blinking
 q - 5 scrolls of fear
 z - 3 scrolls of enchant weapon
 D - a scroll of holy word {unknown}
 G - 4 scrolls of remove curse
 O - 2 scrolls of magic mapping
 Q - 2 scrolls of immolation
 V - a scroll of silence {unknown}
Potions
 h - a potion of cancellation
 l - 12 potions of curing
 m - 2 potions of brilliance
 o - a potion of mutation {unknown}
 p - 4 potions of flight
 t - 4 potions of heal wounds
 u - 2 potions of magic
 v - 5 potions of might
 A - 2 potions of invisibility {unknown}
 B - 2 potions of ambrosia {unknown}
 F - 3 potions of agility {unknown}
 I - a potion of berserk rage
 M - 3 potions of lignification {unknown}
 N - a potion of haste
Comestibles
 c - 17 rations


   Skills:
 + Level 12.3 Fighting
 + Level 11.9 Dodging
 - Level 2.2 Stealth
 + Level 9.9 Spellcasting
 - Level 2.0 Conjurations
 - Level 3.6 Charms
 - Level 7.0 Summonings
 - Level 7.0 Ice Magic


You had 20 spell levels left.
You knew the following spells:

 Your Spells              Type           Power        Failure   Level  Hunger
a - Freeze                Ice            ####         1%          1    None
b - Throw Frost           Conj/Ice       ######       1%          2    None
c - Ozocubu's Armour      Chrm/Ice       ######..     1%          3    None
d - Summon Ice Beast      Ice/Summ       ######..     3%          4    #......

Your spell library contained the following spells:

 Spells                   Type           Power        Failure   Level  Hunger
 Ensorcelled Hibernation  Hex/Ice        #####.       1%          2    None
 Shock                    Conj/Air       ###.         3%          1    None
 Swiftness                Chrm/Air       ###.....     3%          2    None
 Apportation              Tloc           ##....       5%          1    None
 Corona                   Hex            ##.....      5%          1    None
 Throw Icicle             Conj/Ice       ######..     9%          4    #......
 Dazzling Spray           Conj/Hex       ###...       11%         3    None
 Static Discharge         Conj/Air       ###.....     11%         3    None
 Confuse                  Hex            ##......     16%         3    None
 Tukima's Dance           Hex            ##......     16%         3    None
 Iskenderun's Battlesphe  Conj/Chrm      ####....     43%         5    ####...
 Airstrike                Air            ##........   47%         4    #......
 Lightning Bolt           Conj/Air       ###.......   69%         5    ####...
 Venom Bolt               Conj/Pois      ###.......   69%         5    ####...
 Bolt of Magma            Conj/Fire/Erth ###.......   75%         5    ####...
 Iron Shot                Conj/Erth      ###.......   99%         6    ######.
 Orb of Destruction       Conj           ###.......   100%        7    #######
 Spellforged Servitor     Conj/Summ      ####......   100%        7    #######


Dungeon Overview and Level Annotations

Branches:
Dungeon (10/15)            Temple (1/1) D:7            Lair (6/6) D:9
  Swamp (0/4) Lair:4       Spider (0/4) Lair:3        Sewer (visited)
  Slime: Lair:5-6       Orc: D:9-12

Altars:
Ashenzari
Cheibriados
Dithmenos
Elyvilon
Fedhas
Gozag
Hepliaklqana
Kikubaaqudgha
Makhleb
Nemelex Xobeh
Okawaru
Qazlal
Ru
Sif Muna
Trog
Uskayaw
Vehumet
Wu Jian
Xom
Yredelemnul
Zin
The Shining One

Shops:
D:8 *

Annotations:
D:10 2 transporters, hemabe's ghost, journeyman HuAr
Lair:4 exclusion: oklob plant


Message History

Your ice beast barely misses the death yak.
Your ice beast barely misses the death yak.
Your ice beast hits the death yak but does no damage.
The death yak gores you!!
* * * LOW HITPOINT WARNING * * *
Your ice beast hits the death yak but does no damage.
Unknown command.
Your ice beast hits the death yak but does no damage.
Your ice beast hits the death yak but does no damage.
Your ice beast hits the death yak but does no damage.
Casting: Summon Ice Beast (safe; 3% risk of failure)
Confirm with . or Enter, or press ? or * to list all spells.
You feel a surge of power! A chill wind blows around you.
The death yak gores you!
* * * LOW HITPOINT WARNING * * *
Your ice beast barely misses the death yak.
Unknown command.
Your ice beast disappears in a puff of smoke!
You swap places.
The death yak gores you!!
You die...

#### ##...........##
######.....#....>.#
##...##...#...##..##
.....##...###..#<.P#
.#.#.P...###.......###
####.....##.......#..#
#..#.............##
####.(#.............#
#P..............@YY##
..P........#....#Y##
...P.......#...##Y#
...#P....#......#.#
..............Y...#
.P.#.......>...#..#
..........##......##
...................##
.P............P#....#


You could see a death yak and 3 friendly ice beasts.

Vanquished Creatures
  A catoblepas (Lair:5)
  A two-headed ogre (D:8)
  Maurice (D:8)
  A spiny frog (Lair:1)
  A komodo dragon (Lair:3)
  5 blink frogs
  Grinder (D:3)
  4 hippogriffs
  3 yaks
  A water moccasin (Lair:1)
  3 porcupines
  A sky beast (D:3)
  A hornet zombie (D:8)
  An orc warrior (D:6)
  3 ice beasts
  2 ogres
  3 wolves
  A centaur (D:7)
  2 crocodiles (Lair:3)
  2 big kobolds (Sewer)
  A bullfrog (Lair:3)
  A killer bee (D:10)
  3 wights
  A howler monkey (D:7)
  3 crimson imps
  2 centaur zombies
  A jelly (D:10)
  3 hounds
  A bullfrog skeleton (D:7)
  A centaur skeleton (D:6)
  6 orc priests
  9 orc wizards
  Jessica (D:3)
  2 iguanas
  7 worker ants
  A killer bee zombie (D:7)
  2 hound skeletons
  A howler monkey zombie (D:6)
  A gnoll (D:1)
  11 adders
  3 oozes (Sewer)
  An adder zombie (D:5)
  An adder skeleton (D:5)
  9 worms
  5 dart slugs
  4 leopard geckos
  32 orcs
  5 giant cockroaches
  12 hobgoblins
  10 jackals
  5 quokkas
  8 ball pythons
  12 bats
  5 frilled lizards
  18 goblins
  16 kobolds
  A leopard gecko skeleton (D:4)
  6 rats
249 creatures vanquished.

Vanquished Creatures (collateral kills)
  3 hydras
  Erolcha (D:9)
  Harold (D:9)
  Erica (D:8)
  2 death yaks (Lair:5)
  Nergalle (Lair:3)
  An elephant (Lair:5)
  2 black mambas
  3 spiny frogs
  A rime drake (Lair:4)
  6 komodo dragons
  A troll (D:9)
  A polar bear (Lair:3)
  Prince Ribbit (D:8)
  24 blink frogs
  2 bog bodies (Lair:4)
  5 hippogriffs
  A tarantella (Lair:3)
  23 yaks
  2 basilisks (Lair:1)
  9 water moccasins
  An acid dragon (D:10)
  4 porcupines
  An orc warrior (D:9)
  An ice beast (D:7)
  A sky beast (D:9)
  A necrophage (D:9)
  3 ogres
  A phantom (D:3)
  11 wolves
  4 centaurs (Lair:5)
  8 crocodiles
  A big kobold (D:9)
  6 bullfrogs
  2 killer bees (D:10)
  3 electric eels
  5 wights (D:8)
  A howler monkey (D:10)
  An orc wizard (D:10)
  6 hounds
  An orc priest (D:10)
  A worker ant (D:10)
  A killer bee zombie (D:8)
  3 shadow imps
  6 orcs
  A giant cockroach (D:7)
  2 jackals (D:10)
  6 kobolds (D:9)
  2 fungi
175 creatures vanquished.

Vanquished Creatures (others)
  A black mamba (Lair:6)
  An orc wizard (D:10)
  10 fungi
  5 plants
17 creatures vanquished.

Grand Total: 441 creatures vanquished

Notes
Turn   | Place    | Note
-------+----------+-------------------------------------------
     0 | D:1      | Norm the Merfolk Ice Elementalist began the quest for the
                  | Orb.
     0 | D:1      | Reached XP level 1. HP: 13/13 MP: 3/3
   294 | D:1      | Reached XP level 2. HP: 20/20 MP: 3/5
   298 | D:1      | Learned a level 2 spell: Throw Frost
   498 | D:1      | Reached skill level 1 in Fighting
  1038 | D:2      | Reached XP level 3. HP: 23/26 MP: 3/6
  1091 | D:2      | Learned a level 3 spell: Ozocubu's Armour
  1328 | D:2      | Reached skill level 1 in Conjurations
  1647 | D:2      | Reached skill level 2 in Fighting
  1647 | D:2      | Reached XP level 4. HP: 34/34 MP: 4/7
  2161 | D:1      | Reached XP level 5. HP: 24/40 MP: 2/8
  2429 | D:2      | Reached skill level 3 in Fighting
  2585 | D:2      | Found a faded altar of an unknown god.
  2820 | D:3      | Noticed Jessica
  2957 | D:3      | Found a glowing drain.
  2977 | Sewer    | Entered a sewer
  3431 | Sewer    | Noticed a big kobold
  3438 | Sewer    | Killed a big kobold
  3438 | Sewer    | Reached XP level 6. HP: 36/48 MP: 5/10
  3672 | Sewer    | Reached skill level 4 in Fighting
  3672 | Sewer    | Reached skill level 5 in Ice Magic
  4148 | D:3      | Killed Jessica
  4359 | D:3      | Noticed Grinder
  4370 | D:3      | Learned a level 4 spell: Summon Ice Beast
  4742 | D:3      | Reached XP level 7. HP: 52/54 MP: 10/12
  4852 | D:3      | Reached skill level 1 in Summonings
  5546 | D:3      | Reached skill level 5 in Fighting
  6770 | D:3      | Paralysed by Grinder for 4 turns
  6784 | D:3      | Paralysed by Grinder for 2 turns
  6965 | D:4      | Reached XP level 8. HP: 47/63 MP: 13/13
  7926 | D:4      | Found a sparkling altar of Nemelex Xobeh.
  7951 | D:5      | Entered Level 5 of the Dungeon
  8881 | D:6      | Reached skill level 5 in Summonings
  8971 | D:6      | Reached skill level 6 in Fighting
 10075 | D:4      | Found a sparkling altar of Nemelex Xobeh.
 10350 | D:3      | Paralysed by Grinder for 7 turns
 10362 | D:3      | Killed Grinder
 10911 | D:7      | Reached XP level 9. HP: 46/69 MP: 14/14
 11368 | D:7      | Found a shimmering blue altar of Sif Muna.
 11469 | D:7      | Reached skill level 1 in Charms
 11479 | D:7      | Became a worshipper of Sif Muna the Loreminder
 11643 | D:7      | Found a staircase to the Ecumenical Temple.
 11651 | Temple   | Entered the Ecumenical Temple
 11926 | D:7      | Identified Sif Muna's Papyrus of Displacement
 12003 | D:8      | Noticed Maurice
 12084 | D:8      | Found Oguah's Assorted Antiques.
 12084 | D:8      | Noticed a two-headed ogre
 12091 | D:8      | Killed a two-headed ogre
 12116 | D:8      | Reached skill level 7 in Fighting
 12478 | D:8      | Killed Maurice
 12559 | D:8      | Reached skill level 5 in Spellcasting
 12938 | D:8      | Reached XP level 10. HP: 37/80 MP: 15/18
 12940 | D:8      | Reached skill level 8 in Fighting
 13265 | D:8      | Noticed Erica
 13326 | D:8      | Killed Erica
 13390 | D:8      | Reached * piety under Sif Muna
 13947 | D:8      | Noticed Prince Ribbit
 13968 | D:8      | Killed Prince Ribbit
 14047 | D:9      | Noticed Harold
 14230 | D:9      | Noticed Erolcha
 14239 | D:9      | Killed Erolcha
 14341 | D:9      | Reached skill level 5 in Dodging
 14506 | D:9      | Killed Harold
 14528 | D:9      | Reached skill level 9 in Fighting
 14921 | D:9      | Found a staircase to the Lair.
 16025 | D:10     | Entered Level 10 of the Dungeon
 16799 | D:10     | Found a transporter.
 16800 | D:10     | Noticed hemabe's ghost (journeyman HuAr)
 17183 | D:10     | Reached XP level 11. HP: 59/90 MP: 20/21
 17497 | D:10     | Found a transporter.
 18347 | Lair:1   | Entered Level 1 of the Lair of Beasts
 18392 | D:9      | Reached ** piety under Sif Muna
 18392 | D:9      | Reached skill level 10 in Fighting
 22043 | Lair:3   | Noticed a six-headed hydra
 22180 | Lair:3   | Killed a six-headed hydra
 22363 | Lair:3   | Found a hole to the Spider Nest.
 22372 | Lair:3   | Reached skill level 11 in Fighting
 22457 | Lair:3   | Reached skill level 10 in Dodging
 22776 | Lair:3   | Reached *** piety under Sif Muna
 22909 | Lair:3   | Noticed Nergalle
 23197 | Lair:3   | Killed Nergalle
 23540 | Lair:4   | Reached XP level 12. HP: 89/100 MP: 24/24
 23570 | Lair:4   | Noticed a six-headed hydra
 23583 | Lair:4   | Killed a six-headed hydra
 23611 | Lair:4   | Got a slimy garnet amulet
 24539 | Lair:4   | Found a staircase to the Swamp.
 25693 | Lair:5   | Noticed an eight-headed hydra
 25700 | Lair:5   | Killed an eight-headed hydra
 25946 | Lair:5   | Reached skill level 12 in Fighting
 26226 | Lair:5   | Noticed a catoblepas
 26259 | Lair:5   | Killed a catoblepas
 26555 | Lair:5   | Found a white marble altar of Elyvilon.
 26777 | Lair:5   | Found an ornate altar of the Wu Jian Council.
 26791 | Lair:5   | Reached **** piety under Sif Muna
 27084 | Lair:6   | Entered Level 6 of the Lair of Beasts
 27084 | Lair:6   | Noticed a death yak
 27084 | Lair:6   | Noticed a death yak
 27084 | Lair:6   | Noticed a death yak
 27084 | Lair:6   | Noticed a death yak
 27084 | Lair:6   | Noticed a five-headed hydra
 27111 | Lair:6   | Noticed a catoblepas
 27234 | Lair:6   | Noticed a death yak
 27237 | Lair:6   | HP: 1/102 [death yak (27)]
 27579 | Lair:5   | Killed a death yak
 27583 | Lair:5   | Killed a death yak
 27794 | Lair:5   | Mangled by a death yak

Levels and vault maps discovered:
D:1:      nicolae_arrival_washed_ashore, layout_loops_ring,
          minmay_misc_feat_encased
D:2:      minmay_recursive_quarters, layout_basic,
          chequers_ecumenical_altar_twisty
D:3:      kennysheep_the_goblin_king, layout_basic,
          cheibrodos_sewer_entry_sluice, fountainhead, uniq_jessica,
          uniq_grinder
D:4:      layout_rooms, first_ration, nemelex_spade_bored_becter
D:5:      layout_loops_ring, serial_bayou, serial_bayou_lake_a,
          serial_bayou_shore_a, serial_bayou_lagoon_b, serial_bayou_shore_b
D:6:      layout_basic
D:7:      layout_loops_ring, led_sif_book, minmay_temple_entry_proselytizer
D:8:      layout_loops_ring, serial_shops, shop, uniq_maurice, uniq_erica,
          uniq_prince_ribbit1
D:9:      layout_loops_cross, erik_lair_island, uniq_harold, uniq_erolcha
D:10:     layout_layer_cave, gammafunk_ghost_arena
Temple:   dpeg_three_leaves_temple
Lair:1:   layout_cave_pods
Lair:2:   layout_loops_ring, grunt_megastairs_3, infiniplex_staircase_pool
Lair:3:   layout_concentric_octagons, spider_nest_entry_rubble,
          grunt_megastairs_1, uniq_nergalle
Lair:4:   layout_roguey, skrybe_swamp_entry_bodies, serial_bayou_shore_b,
          grunt_megastairs_4
Lair:5:   layout_loops_ring, basic_altar, lemuel_centaur_altar,
          lemuel_fruit_tree
Lair:6:   gammafunk_lair_ancient_temple, layout_loops_ring,
          dpeg_slime_entry_enclosed_altar

Skill      XL: |  1  2  3  4  5  6  7  8  9 10 11 12 |
---------------+-------------------------------------+-----
Fighting       | 1 2 3 4 5 6 7 9 11 12 | 12.3
Ice Magic      | 4 5 6 7 |  7.0
Conjurations   | 1 2 |  2.0
Spellcasting   | 3 5 7 8 9 |  9.9
Summonings     | 4 6 7 |  7.0
Charms         | 3 |  3.6
Dodging        | 3 7 10 11 | 11.9
Stealth        | |  2.2

Action                   |  1- 3 |  4- 6 |  7- 9 | 10-12 || total
-------------------------+-------+-------+-------+-------++-------
Melee: Dagger            |    26 |    22 |    40 |       ||    88
       Hand axe          |       |       |   169 |     1 ||   170
       Spear             |       |       |       |   417 ||   417
       Staff             |       |       |       |    49 ||    49
Throw: Stone             |     1 |       |       |       ||     1
 Cast: Freeze            |    48 |   160 |   333 |    36 ||   577
       Throw Frost       |     5 |     2 |    16 |     5 ||    28
       Ozocubu's Armour  |       |       |    19 |       ||    19
       Summon Ice Beast  |       |       |    17 |   273 ||   290
  Use: Scroll            |     1 |     7 |     4 |    12 ||    24
       Potion            |       |       |       |     1 ||     1
 Stab: Sleeping          |       |     4 |     1 |       ||     5
       Distracted        |       |     1 |     3 |     7 ||    11
  Eat: Chunk             |     3 |    11 |    21 |    47 ||    82
       Ration            |       |       |     3 |     7 ||    10
Armor: Robe              |    22 |    19 |    51 |   117 ||   209
       Leather armour    |       |       |   111 |     6 ||   117
Dodge: Dodged            |    46 |    81 |   348 |   545 ||  1020

Table legend:
 A = Non-vault XP
 B = Vault XP
 C = Vault XP percentage of total XP
 D = Non-vault monster count
 E = Vault monster count
 F = Vault count percentage of total count
                 A         B        C        D         E       F
            +---------+---------+-------+---------+---------+-------
      Total |   21199 |    6288 |  22.9 |     339 |      84 |  19.9
            +---------+---------+-------+---------+---------+-------
        D:1 |      27 |      16 |  37.2 |      20 |       2 |   9.1
        D:2 |     172 |      13 |   7.0 |      25 |       7 |  21.9
        D:3 |     507 |     216 |  29.9 |      39 |      11 |  22.0
        D:4 |     245 |       0 |   0.0 |      14 |       0 |   0.0
        D:5 |     262 |       0 |   0.0 |      17 |       0 |   0.0
        D:6 |     523 |       0 |   0.0 |      17 |       0 |   0.0
        D:7 |     847 |     123 |  12.7 |      27 |       3 |  10.0
        D:8 |    1535 |     897 |  36.9 |      24 |       3 |  11.1
        D:9 |    1449 |    1366 |  48.5 |      23 |       9 |  28.1
       D:10 |    1541 |       0 |   0.0 |      33 |       0 |   0.0
     Lair:1 |    2787 |       0 |   0.0 |      21 |       0 |   0.0
     Lair:2 |    1226 |     108 |   8.1 |      16 |       1 |   5.9
     Lair:3 |    2155 |    2375 |  52.4 |      18 |      16 |  47.1
     Lair:4 |    2930 |     645 |  18.0 |      21 |       5 |  19.2
     Lair:5 |    4853 |     253 |   5.0 |      23 |       4 |  14.8
     Lair:6 |     140 |       0 |   0.0 |       1 |       0 |   0.0
      Sewer |       0 |     276 | 100.0 |       0 |      23 | 100.0
            +---------+---------+-------+---------+---------+-------
